 Dungeon Crawl Stone Soup version 0.27.1-33-g824d729ab1 (webtiles) character file.

Game seed: 16809137691530149609

4258 pkoi the Martial Artist (level 10, 0/77 HPs)
             Began as a Red Draconian Monk on Dec 20, 2021.
             Was an Elder of Dithmenos.
             Slain by a killer bee (8 damage)
             ... on level 7 of the Dungeon.
             The game lasted 00:10:05 (9020 turns).

pkoi the Martial Artist (Red Draconian Monk)        Turns: 9020, Time: 00:10:06

Health: 0/77       AC: 12    Str: 13    XL:     10   Next: 10%
Magic:  16/16      EV: 14    Int: 14    God:    Dithmenos [****..]
Gold:   380        SH:  0    Dex: 14    Spells: 9/17 levels left

rFire    + . .     SeeInvis .     - Unarmed
rCold    . . .     Faith    .   (no shield)
rNeg     + . .     Spirit   .   (armour unavailable)
rPois    .         Reflect  .   (helmet restricted)
rElec    .         Harm     .   k - +0 cloak
rCorr    .         Rampage  .   x - +0 pair of gloves
Will     .....                  b - +2 pair of boots
Stlth    ++++......             (no amulet)
HPRegen  0.22/turn              e - +4 ring of slaying
MPRegen  0.15/turn              d - ring of positive energy

@: lethally poisoned (0 -> -14), about to teleport, flying, wreathed by umbra
A: breathe fire, AC +7, unfitting armour, fire resistance 1, cold-blooded
a: Breathe Fire, Renounce Religion, Shadow Step


You were on level 7 of the Dungeon.
You worshipped Dithmenos.
Dithmenos was greatly pleased with you.
You visited 2 branches of the dungeon, and saw 9 of its levels.
You also visited: Ossuary.

You collected 380 gold pieces.

Inventory:

Hand Weapons
 c - a +0 dagger
 m - a +3 short sword of flaming
Missiles
 f - 4 atropa-tipped darts (quivered)
 g - 7 boomerangs
 s - 5 curare-tipped darts
 t - 9 poisoned darts
 w - 4 throwing nets
Armour
 b - a +2 pair of boots (worn)
 k - a +0 cloak (worn)
 x - a +0 pair of gloves (worn)
Jewellery
 a - a ring of magical power
 d - a ring of positive energy (right hand)
 e - a +4 ring of slaying (left hand)
 r - a ring of resist corrosion
 y - a ring of see invisible
Wands
 q - a wand of flame (27)
Scrolls
 h - 3 scrolls of teleportation
 n - 5 scrolls of identify
 o - a scroll of summoning
 u - 2 scrolls of amnesia
 v - a scroll of silence
Potions
 i - 2 potions of heal wounds
 j - 3 potions of curing
 l - a potion of might
 p - a potion of resistance
 z - a potion of flight
 A - a potion of attraction {unknown}


   Skills:
 - Level 3.2 Fighting
 + Level 5.6 Dodging
 + Level 5.4 Stealth
 * Level 10.0 Unarmed Combat
 - Level 4.0 Spellcasting
 + Level 4.6 Conjurations
 + Level 5.6 Fire Magic


You had 9 spell levels left.
You knew the following spells:

 Your Spells              Type           Power      Damage    Failure   Level
a - Foxfire               Conj/Fire      68%        2x1d7     2%          1
b - Conjure Flame         Conj/Fire      17%        6-21      7%          3
c - Sticky Flame          Conj/Fire      17%        2d4       24%         4

Your spell library contained the following spells:

 Spells                   Type           Power      Damage    Failure   Level
 Static Discharge         Conj/Air       9%         N/A       12%         2
 Inner Flame              Hex/Fire       10%        N/A       19%         3
 Dispel Undead            Necr           2%         3d7       88%         4
 Summon Lightning Spire   Summ/Air       2%         N/A       88%         4
 Storm Form               Tmut/Air       1%         N/A       100%        7
 Maxwell's Capacitive Co  Air            1%         ∞         100%        8


Dungeon Overview and Level Annotations

Branches:
Dungeon (8/15)             Temple (1/1) D:4         Ossuary (visited)
   Lair: D:8-11

Altars:
Ashenzari
Cheibriados
Dithmenos
Elyvilon
Fedhas
Gozag
Kikubaaqudgha
Makhleb
Nemelex Xobeh
Okawaru
Qazlal
Ru
Sif Muna
Trog
Uskayaw
Vehumet
Wu Jian
Zin
The Shining One

Shops:
D:3 :   D:7 (


Innate Abilities, Weirdness & Mutations

You can breathe blasts of fire.
Your fiery red scales are hard. (AC +7)
You cannot fit into any form of body armour.
Your flesh is heat resistant. (rF+)
You are cold-blooded and may be slowed by cold attacks.


Message History

* * * LOW HITPOINT WARNING * * *
You are more poisoned.
The killer bee poisons you! The killer bee closely misses you.
The killer bee completely misses you.
You climb upwards.
You feel very sick.
There is a stone staircase leading down here.
Unknown command.
Unknown command.
You hit the killer bee.
The killer bee is moderately wounded.
Your shadow hits the killer bee.
You feel sick. The killer bee barely misses you.
The killer bee stings you but does no damage.
The killer bee completely misses you.
The killer bee stings you but does no damage.
It was a potion of flight.
You feel very buoyant.
You fly up into the air.
You feel sick.
The killer bee stings you but does no damage.
The killer bee closely misses you.
The killer bee stings you but does no damage.
The killer bee barely misses you. The killer bee closely misses you.
The killer bee stings you but does no damage.
You feel better. The killer bee barely misses you. The killer bee stings you!
* * * LOW HITPOINT WARNING * * *
The killer bee stings you.
* * * LOW HITPOINT WARNING * * *
The killer bee barely misses you. The killer bee stings you.
* * * LOW HITPOINT WARNING * * *
You are poisoned.
The killer bee poisons you! The killer bee barely misses you.
As you read the scroll of teleportation, it crumbles to dust.
You feel strangely unstable.
You feel sick.
The killer bee stings you but does no damage.
The killer bee barely misses you. The killer bee stings you.
* * * LOW HITPOINT WARNING * * *
You are lethally poisoned!
The killer bee poisons you! The killer bee stings you!
You die...

###.#...##..........#
#.##.###.#######..#
#.##.....# #..# #######
#.######.# #..# #...).. #.#
#.# ###..# #.#####
####.######.# ##.#..######.#
#...........# #............#
#.#####.###.#####y#..########
#.# #.# #....y@y...# #.#
##.####.#.#####.#
..####...###...# #.###
.......#.......# #...#
..####...####..# #...# #.#
##.## #..# #...#
#.#####.#####..# ##<##
...............# #.#
.....>........## #.#


You could see 3 killer bees.

Vanquished Creatures
  Harold (D:7)
  Joseph (D:7)
  A hornet (D:6)
  A wyvern (D:7)
  A steam dragon (D:7)
  A water moccasin (D:6)
  5 black bears
  An ice beast (D:6)
  A necrophage (D:7)
  A centaur (D:5)
  2 ogres (D:5)
  A kobold brigand (D:7)
  3 phantoms
  3 bullfrogs
  A water moccasin zombie (D:5)
  A wyvern zombie (D:7)
  2 scorpions
  A wyvern skeleton (D:7)
  A water moccasin skeleton (D:6)
  A killer bee (D:6)
  A centaur zombie (D:6)
  2 hounds
  A jelly (D:6)
  4 orc priests
  2 centaur skeletons
  2 bullfrog skeletons (D:6)
  A scorpion zombie (D:5)
  Terence (D:3)
  2 iguanas
  7 orc wizards
  3 hound zombies (Ossuary)
  A hound skeleton (D:4)
  4 mummies (Ossuary)
  7 gnolls
  10 adders
  A shadow imp (D:6)
  A white imp (D:5)
  An ufetubus (D:4)
  An adder zombie (Ossuary)
  3 adder skeletons
  6 dart slugs
  19 orcs
  7 bats
  A bat zombie (D:2)
  5 endoplasms
  7 giant cockroaches
  2 gnoll zombies (Ossuary)
  14 goblins
  10 hobgoblins
  13 kobolds
  2 quokkas
  4 ball pythons
  5 frilled lizards
  A goblin zombie (D:6)
  2 hobgoblin zombies (Ossuary)
  2 kobold zombies (Ossuary)
  An orc zombie (Ossuary)
  2 quokka zombies (D:2)
  5 rats
  A rat zombie (Ossuary)
194 creatures vanquished.

Vanquished Creatures (others)
  5 foxfires (D:8)
  4 withered plants (D:2)
9 creatures vanquished.

Grand Total: 203 creatures vanquished

Notes
Turn   | Place    | Note
-------+----------+-------------------------------------------
     0 | D:1      | pkoi the Draconian Monk began the quest for the Orb.
     0 | D:1      | Reached XP level 1. HP: 19/19 MP: 1/1
   228 | D:1      | Reached XP level 2. HP: 22/26 MP: 2/2
   517 | D:1      | Reached skill level 4 in Unarmed Combat
   593 | D:1      | Reached XP level 3. HP: 30/31 MP: 3/3
   599 | D:1      | Found a faded altar of an unknown god.
  1345 | D:2      | Reached XP level 4. HP: 38/38 MP: 4/4
  1356 | D:2      | Reached skill level 5 in Unarmed Combat
  2036 | D:3      | Found Vapompih's Book Boutique.
  2095 | D:3      | Reached XP level 5. HP: 34/45 MP: 5/5
  2171 | D:3      | Reached skill level 6 in Unarmed Combat
  2492 | D:3      | Found a shadowy altar of Dithmenos.
  2495 | D:3      | Became a worshipper of Dithmenos the Shadowed
  2495 | D:3      | Reached * piety under Dithmenos
  2495 | D:3      | Reached ** piety under Dithmenos
  2499 | D:3      | Noticed Terence
  2512 | D:3      | Killed Terence
  3413 | D:4      | Found a staircase to the Ecumenical Temple.
  3423 | Temple   | Entered the Ecumenical Temple
  3487 | D:4      | Reached XP level 6. HP: 48/51 MP: 6/6
  3718 | D:4      | Reached skill level 7 in Unarmed Combat
  3976 | D:4      | Found a sparkling altar of Nemelex Xobeh.
  3980 | D:4      | Found a glowing golden altar of the Shining One.
  3984 | D:4      | Found an ornate altar of the Wu Jian Council.
  4082 | D:5      | Entered Level 5 of the Dungeon
  4291 | D:5      | Your scales start taking on a fiery red colour.
  4291 | D:5      | Reached XP level 7. HP: 54/57 MP: 7/7
  4291 | D:5      | Gained mutation: Your flesh is heat resistant. (rF+) [Red
                  | Draconian growth]
  4296 | D:5      | Learned a level 1 spell: Foxfire
  4398 | D:5      | Reached skill level 1 in Fire Magic
  4512 | D:5      | Reached skill level 1 in Conjurations
  4688 | D:5      | Reached *** piety under Dithmenos
  4689 | D:5      | Reached skill level 1 in Spellcasting
  5922 | D:6      | Reached skill level 8 in Unarmed Combat
  5922 | D:6      | Reached XP level 8. HP: 52/63 MP: 10/10
  6062 | D:6      | Found a sand-covered staircase.
  6091 | Ossuary  | Entered an ossuary
  6638 | D:6      | Noticed a hornet
  6648 | D:6      | Killed a hornet
  7012 | D:6      | Reached XP level 9. HP: 67/70 MP: 13/13
  7091 | D:6      | Reached skill level 9 in Unarmed Combat
  7092 | D:6      | Reached **** piety under Dithmenos
  7483 | D:7      | Learned a level 3 spell: Conjure Flame
  7488 | D:7      | Learned a level 4 spell: Sticky Flame
  7497 | D:7      | Found a bloodstained altar of Trog.
  7509 | D:7      | Noticed Harold
  7516 | D:7      | Reached skill level 5 in Dodging
  7728 | D:7      | Killed Harold
  7729 | D:7      | Reached skill level 5 in Stealth
  7729 | D:7      | Reached skill level 5 in Fire Magic
  8114 | D:7      | Found a sacrificial altar of Ru.
  8257 | D:7      | Noticed Joseph
  8270 | D:7      | Killed Joseph
  8299 | D:7      | Found a hide-covered altar of Uskayaw.
  8502 | D:7      | Found Beujuz's Weapon Shop.
  8509 | D:7      | Reached XP level 10. HP: 77/77 MP: 16/16
  8552 | D:7      | Reached skill level 10 in Unarmed Combat
  9020 | D:7      | Slain by a killer bee

Illustrated notes

Levels and vault maps discovered:
D:1:      wheals_arrival_linesprint, layout_rooms, basic_ecumenical_altar,
          st_stairs_8
D:2:      layout_loops_ring, serial_undead, serial_undead_b, serial_undead_d,
          serial_undead_f, serial_undead_a, nicolae_underground_beach
D:3:      layout_basic, grunt_dithmenos_smoke_and_mirrors, serial_shops, shop,
          st_stairs_8, uniq_terence
D:4:      layout_loops_ring, grunt_temple_overflow_diamond,
          minmay_temple_entry_overgrown, minmay_misc_feat_pillars,
          grunt_ministairs_7
D:5:      layout_cave_pods, serial_park_tiny_2, minmay_crossroads
D:6:      cheibrodos_barr_body, layout_loops_ring, enter_ossuary_3
D:7:      layout_loops_ring, trog_ov_bears_minmay, mainiacjoe_overflow_brackets,
          nicolae_uskayaw_dance_hall, serial_shops, shop, uniq_harold,
          uniq_joseph
D:8:      layout_gridville, chequers_garden, minmay_misc_feat_tower,
          minmay_manual_moon
Temple:   nicolae_temple_x_marks_the_god

Skill      XL: |  1  2  3  4  5  6  7  8  9 10 |
---------------+-------------------------------+-----
Unarmed Combat | 4 5 6 7 8 9 10 | 10.0
Dodging        | 3 4 5 |  5.6
Stealth        | 2 3 4 5 |  5.4
Fire Magic     | 2 3 5 |  5.6
Conjurations   | 1 3 4 |  4.6
Spellcasting   | 1 2 4 |  4.0
Fighting       | |  3.2

Action                   |  1- 3 |  4- 6 |  7- 9 | 10-12 || total
-------------------------+-------+-------+-------+-------++-------
Melee: Unarmed           |    85 |   181 |   248 |    35 ||   549
       Tailslap          |    10 |    12 |    29 |     2 ||    53
       Punch             |     1 |       |     9 |       ||    10
 Cast: Foxfire           |       |       |       |     3 ||     3
 Abil: Breathe Fire      |       |       |     9 |     1 ||    10
  Use: Scroll            |       |     5 |     8 |     1 ||    14
       Potion            |       |     1 |     3 |     2 ||     6
 Stab: Sleeping          |     3 |     6 |     8 |       ||    17
       Distracted        |       |       |     1 |       ||     1
Armor: Skin              |    29 |    53 |    82 |    18 ||   182
Dodge: Dodged            |    46 |    98 |   150 |    48 ||   342
